 Dungeon Crawl Stone Soup version 0.17-a0-849-g0c87caa (webtiles) character file.

1451 FedoraBrony69 the Thaumaturge (level 8, -6/41 HPs)
             Began as a Deep Elf Conjurer on Apr 27, 2015.
             Mangled by a mummy (17 damage)
             ... in an ossuary.
             The game lasted 00:12:58 (4935 turns).

FedoraBrony69 the Thaumaturge (Deep Elf Conjurer)   Turns: 4935, Time: 00:12:58

Health: -6/41      AC:  2    Str:  5    XL:     8   Next: 47%
Magic:  1/22       EV: 13    Int: 23    God:
Gold:   166        SH:  0    Dex: 15    Spells: 3 memorised, 14 levels left

rFire  . . .     SeeInvis .     x - +2 dagger (venom) (curse)
rCold  . . .     Clarity  .     t - -2 robe (curse)
rNeg   . . .     SustAb   .     (no shield)
rPois  .         Gourm    .     (no helmet)
rElec  .         Spirit   .     k - +0 cloak (curse)
rCorr  .         Warding  .     (no gloves)
rMut   .         Stasis   .     j - +0 pair of boots (curse)
MR     .....                    (no amulet)
Stlth  ++........               (no ring)
                                (no ring)

@: not resistant to hostile enchantments, unstealthy
A: no striking features
a: no special abilities


You were in an ossuary.
You were near starving.

You visited 1 branch of the dungeon, and saw 5 of its levels.
You also visited: Ossuary.

You collected 166 gold pieces.

Inventory:

Hand weapons
 g - a +0 club
 x - a cursed +2 dagger of venom (weapon)
Armour
 a - a cursed +0 robe
 j - a cursed +0 pair of boots (worn)
 k - a cursed +0 cloak (worn)
 t - a cursed -2 robe (worn)
 y - a cursed +0 pair of gloves
 B - a cursed +2 robe of resistance
Magical devices
 r - a wand of magic darts (26)
Scrolls
 d - 2 scrolls of teleportation {unknown}
 e - a scroll of remove curse {unknown}
 h - 2 scrolls of noise {unknown}
 i - 7 scrolls of identify {unknown}
 o - 2 scrolls of blinking {unknown}
 q - 2 scrolls of recharging {unknown}
 s - a scroll of random uselessness {unknown}
Potions
 l - a potion of poison {unknown}
 m - a potion of might {unknown}
 n - a potion of heal wounds {unknown}
 p - a potion of lignification {unknown}
 u - 3 potions of curing {unknown}
 v - a potion of restore abilities {unknown}
 w - a potion of magic {unknown}
Books
 b - a book of Conjurations

   Spells                             Type                      Level
   a - Magic Dart                     Conjuration                  1
   b - Searing Ray                    Conjuration                  2
   c - Dazzling Spray                 Conjuration/Hexes            3
   d - Fulminant Prism                Conjuration/Hexes            4
   e - Iskenderun's Mystic Blast      Conjuration                  4
   f - Iskenderun's Battlesphere      Conjuration/Charms           5
Comestibles
 c - 6 bread rations
 f - 2 meat rations


   Skills:
 - Level 2.4 Dodging
 - Level 2.4 Stealth
 + Level 8.5 Spellcasting
 + Level 8.2 Conjurations
 - Level 8.1 Charms


You had 14 spell levels left.
You knew the following spells:

 Your Spells              Type           Power        Failure   Level  Hunger
a - Magic Dart            Conj           ####         1%          1    None
b - Iskenderun's Battles  Conj/Chrm      #####...     10%         5    #####..
c - Iskenderun's Mystic   Conj           #####...     2%          4    ##.....


Dungeon Overview and Level Annotations

Branches:
Dungeon (5/15)
 Temple: D:4-7

Altars:


Message History

The mummy is heavily damaged.
You hit the mummy but do no damage.
The mummy is heavily damaged.
The mummy hits you! The mummy hits you.
You hit the mummy but do no damage.
The mummy is heavily damaged.
Casting: Magic Dart
Confirm with . or Enter, or press ? or * to list all spells.
Aiming: Iskenderun's Mystic Blast
Press: ? - help, Shift-Dir - straight line, f - mummy
Aim: a mummy The orb of energy hits the mummy.
The mummy is severely damaged.
The mummy hits you!
* * * LOW HITPOINT WARNING * * *
You hit the mummy.
The mummy is heavily damaged.
The mummy completely misses you. The mummy hits you!
You die...

#..............
#+##........##
##......##
##....## #....#
#....# #....#
#....# #..M@#
#..M.# #....#
#.∩∩.# ######


You could see 2 mummies.

Vanquished Creatures
  Pikel (D:5)
  Eustachio (D:5)
  A slave (D:5)
  3 scorpions
  3 hounds (D:5)
  2 orc priests (D:3)
  Ijyb (D:3)
  4 orc wizards
  2 worker ants
  Jessica (D:3)
  A big kobold zombie (Ossuary)
  5 gnolls (D:4)
  A hound skeleton (D:5)
  6 mummies
  A shadow imp (D:5)
  6 adders
  2 oozes
  2 worms
  3 giant geckos
  9 orcs
  7 bats
  4 giant cockroaches
  9 goblins
  3 hobgoblins
  9 jackals
  11 kobolds
  2 quokkas
  5 ball pythons
  A giant newt (D:4)
  2 gnoll zombies (Ossuary)
  A goblin zombie (D:5)
  2 hobgoblin zombies (Ossuary)
  A kobold zombie (Ossuary)
  2 orc zombies (Ossuary)
  A quokka skeleton (D:4)
  13 rats
128 creatures vanquished.

Vanquished Creatures (others)
  An orc zombie (D:5)
1 creature vanquished.

Grand Total: 129 creatures vanquished

Notes
Turn   | Place    | Note
--------------------------------------------------------------
     0 | D:1      | FedoraBrony69, the Deep Elf Conjurer, began the quest for the Orb.
     0 | D:1      | Reached XP level 1. HP: 10/10 MP: 6/6
   347 | D:1      | Reached XP level 2. HP: 15/15 MP: 0/8
   912 | D:2      | Reached skill level 5 in Conjurations
   912 | D:2      | Reached XP level 3. HP: 19/19 MP: 6/10
  1603 | D:3      | Reached XP level 4. HP: 24/24 MP: 8/12
  1654 | D:3      | Noticed Ijyb
  1660 | D:3      | Killed Ijyb
  1692 | D:3      | Reached skill level 5 in Spellcasting
  1756 | D:3      | Noticed Jessica
  1760 | D:3      | Killed Jessica
  1783 | D:3      | Noticed a scorpion
  1827 | D:3      | Learned a level 4 spell: Iskenderun's Mystic Blast
  1850 | D:3      | Killed a scorpion
  1850 | D:3      | Reached skill level 6 in Conjurations
  1850 | D:3      | Reached XP level 5. HP: 28/28 MP: 1/15
  1860 | D:3      | Learned a level 5 spell: Iskenderun's Battlesphere
  2278 | D:3      | Reached skill level 1 in Charms
  2278 | D:3      | Reached XP level 6. HP: 32/32 MP: 2/17
  3858 | D:4      | Reached skill level 7 in Conjurations
  3858 | D:4      | Reached XP level 7. HP: 36/36 MP: 10/19
  3978 | D:5      | Entered Level 5 of the Dungeon
  4285 | D:5      | Reached skill level 5 in Charms
  4445 | D:5      | Noticed Eustachio
  4477 | D:5      | Killed Eustachio
  4550 | D:5      | Noticed Pikel
  4555 | D:5      | Killed Pikel
  4555 | D:5      | Reached skill level 8 in Spellcasting
  4555 | D:5      | Reached XP level 8. HP: 28/41 MP: 1/22
  4561 | D:5      | Found a sand-covered staircase.
  4586 | Ossuary  | Entered an ossuary
  4935 | Ossuary  | Mangled by a mummy

Action                   |  1- 3 |  4- 6 |  7- 9 || total
-------------------------+-------+-------+-------++-------
Melee: Unarmed           |     4 |       |       ||     4
       Dagger            |       |     3 |    14 ||    17
 Cast: Magic Dart        |    73 |   123 |    81 ||   277
       Iskenderun's Myst |       |    14 |    13 ||    27
       Iskenderun's Batt |       |       |     6 ||     6
  Eat: Chunk             |     2 |     8 |     3 ||    13
       Fruit             |       |       |     2 ||     2
